 Dungeon Crawl Stone Soup version 0.21.1-1-g345015fe64 (webtiles) character file.

16825 Htamos the Brawler (level 12, -6/109 HPs)
             Began as a Troll Berserker on July 4, 2018.
             Was a High Priest of Trog.
             Mangled by an eight-headed hydra (9 damage)
             ... on level 2 of the Lair of Beasts.
             The game lasted 00:30:37 (10459 turns).

Htamos the Brawler (Troll Berserker)               Turns: 10459, Time: 00:30:38

Health: -6/109     AC: 12    Str: 31    XL:     12   Next: 13%
Magic:  11/11      EV: 12    Int:  3    God:    Trog [*****.]
Gold:   740        SH:  0    Dex: 10    Spells: 11/11 levels left

rFire    . . .     SeeInvis .     - Unarmed
rCold    . . .     Gourm    +   (no shield)
rNeg     . . .     Faith    .   a - +0 animal skin
rPois    .         Spirit   .   (helmet restricted)
rElec    .         Reflect  .   f - +2 cloak
rCorr    .         Harm     .   (gloves unavailable)
MR       .....                  (boots unavailable)
Stlth    +.........             D - amulet of regeneration
HPRegen  1.08/turn              e - +2 ring of protection
MPRegen  0.12/turn              Q - +2 ring of protection

@: no status effects
A: large, unfitting armour, claws 3, fast metabolism 3, gourmand, regeneration
1, shaggy fur 1, tough skin 2
a: Berserk, Trog's Hand, Brothers in Arms, Burn Spellbooks, Renounce Religion


You were on level 2 of the Lair of Beasts.
You worshipped Trog.
Trog was extremely pleased with you.
You were very full.

You visited 2 branches of the dungeon, and saw 13 of its levels.

You collected 740 gold pieces.

Inventory:

Hand Weapons
 K - a +0 quarterstaff of protection
Missiles
 n - 5 silver javelins (quivered)
 o - 7 large rocks
Armour
 a - a +0 animal skin (worn)
 f - a +2 cloak (worn)
Jewellery
 e - a +2 ring of protection (left claw)
 D - an amulet of regeneration (around neck)
 Q - a +2 ring of protection (right claw)
Wands
 p - a wand of random effects (30)
 w - a wand of polymorph (14)
 y - a wand of iceblast (9)
 E - a wand of flame (26)
 M - a wand of disintegration (13)
 N - a wand of digging (13)
 P - a wand of enslavement (10)
Scrolls
 c - 2 scrolls of noise
 g - 10 scrolls of remove curse
 h - 5 scrolls of enchant weapon
 i - 4 scrolls of teleportation
 k - 4 scrolls of magic mapping
 l - 4 scrolls of random uselessness
 q - 14 scrolls of identify
 r - a scroll of immolation {unknown}
 t - a scroll of amnesia {unknown}
 C - a scroll of vulnerability {unknown}
 O - a scroll of fog {unknown}
Potions
 d - 6 potions of curing
 j - 2 potions of lignification {unknown}
 m - 2 potions of ambrosia {unknown}
 u - a potion of magic {unknown}
 v - a potion of agility {unknown}
 x - a potion of flight
 z - 3 potions of degeneration {unknown}
 A - a potion of resistance {unknown}
 B - a potion of might
 F - a potion of mutation {unknown}
 G - a potion of haste
 J - a potion of cancellation {unknown}
Books
 H - a book of Debilitation

   Spells                             Type                      Level
   a - Corona                         Hexes                        1
   b - Slow                           Hexes                        2
   c - Inner Flame                    Hexes/Fire                   3
   d - Portal Projectile              Hexes/Translocation          3
   e - Cause Fear                     Hexes                        4
   f - Leda's Liquefaction            Hexes/Earth                  4
   Trog disapproves of the use of such an item.
 I - a book of Callings

   Spells                             Type                      Level
   a - Summon Small Mammal            Summoning                    1
   b - Call Imp                       Summoning                    2
   c - Call Canine Familiar           Summoning                    3
   d - Summon Guardian Golem          Hexes/Summoning              3
   e - Summon Lightning Spire         Summoning/Air                4
   f - Summon Ice Beast               Ice/Summoning                4
   Trog disapproves of the use of such an item.
 L - a book of Callings

   Spells                             Type                      Level
   a - Summon Small Mammal            Summoning                    1
   b - Call Imp                       Summoning                    2
   c - Call Canine Familiar           Summoning                    3
   d - Summon Guardian Golem          Hexes/Summoning              3
   e - Summon Lightning Spire         Summoning/Air                4
   f - Summon Ice Beast               Ice/Summoning                4
   Trog disapproves of the use of such an item.
 R - a book of Conjurations

   Spells                             Type                      Level
   a - Magic Dart                     Conjuration                  1
   b - Searing Ray                    Conjuration                  2
   c - Dazzling Spray                 Conjuration/Hexes            3
   d - Fulminant Prism                Conjuration/Hexes            4
   e - Force Lance                    Conjuration/Translocation    4
   f - Iskenderun's Mystic Blast      Conjuration                  4
   Trog disapproves of the use of such an item.
Comestibles
 b - 28 rations


   Skills:
 + Level 4.6 Fighting
 + Level 7.1 Dodging
 * Level 16.8 Unarmed Combat


You had 11 spell levels left.
You didn't know any spells.

Dungeon Overview and Level Annotations

Branches:
Dungeon (11/15)            Temple (0/1) D:5            Lair (2/6) D:9
 Spider (0/4) Lair:2
  Swamp: Lair:2-4    Shoals: Lair:2-4       Orc: D:9-12

Altars:
Elyvilon
Gozag
Okawaru
Sif Muna
Trog
Uskayaw
Xom
Zin
The Shining One
Jiyva

Annotations:
Lair:1 exclusion: oklob plant


Innate Abilities, Weirdness & Mutations

You are too large for most types of armour.
You have claws for hands.
Your metabolism is lightning-fast.
You like to eat raw meat.
Your natural rate of healing is unusually fast.
You are covered in fur. (AC +1)
You have very tough skin. (AC +2)


Message History

As you read the scroll of teleportation, it crumbles to dust.
You feel strangely unstable. Something bites you but does no damage.
Something bites you.
* * * LOW HITPOINT WARNING * * *
Something bites you but does no damage. Something bites you.
* * * LOW HITPOINT WARNING * * *
Something bites you.
* * * LOW HITPOINT WARNING * * *
Something bites you but does no damage. Something bites you.
* * * LOW HITPOINT WARNING * * *
Something bites you but does no damage.
Something bites you but does no damage. x3; Something bites you.
* * * LOW HITPOINT WARNING * * *
Something bites you but does no damage. x2; Something bites you.
* * * LOW HITPOINT WARNING * * *
Something bites you.
* * * LOW HITPOINT WARNING * * *
Your surroundings seem slightly different.
Something bites you but does no damage. Something bites you!
You die...

...............## #.# ##......#.
#.#......#......####.# #......P..
###......#......##...###(..(#....
####...P......(....#.#....#†>..
####............................
##P.......#.........#.####....#..
.........#..(........#.# ######..
...P..................#.# ...
$..........#.#..@..§...#######...
.................#..#......P#....
...........P....#####..#......P..
#...............## #..#.<.....#
...#...#.#..#....# #.........##
..#.###..#..##.#### ##.........#
##### #.....###...# ###P.#...P...
.# #....#P###....###.#....P...#.
## #.....### ##....##............


There were no monsters in sight!

Vanquished Creatures
  Erolcha (D:10)
  Josephine (D:10)
  A hydra (Lair:1)
  A two-headed ogre (D:9)
  The ghost of GotenAND the Grappler, a novice TrFi of Trog (D:8)
  An elephant (D:9)
  A komodo dragon (Lair:2)
  3 blink frogs (Lair:1)
  A troll (D:10)
  3 hornets
  2 hippogriffs
  21 yaks
  Sigmund (D:3)
  5 wraiths (D:10)
  3 wyverns
  2 basilisks
  The ghost of AAA992 the Skirmisher, an amateur GrMo (D:4)
  3 porcupines (Lair:1)
  3 ice beasts
  2 water moccasins
  5 orc warriors
  4 sky beasts
  A necrophage (D:10)
  2 black bears
  4 ogres
  A phantom (D:6)
  7 crocodiles
  2 centaurs
  2 big kobolds
  10 bullfrogs
  8 scorpions
  7 killer bees
  3 crimson imps
  2 bullfrog zombies (D:9)
  A quasit (D:10)
  3 centaur zombies
  8 hounds
  5 jellies
  8 orc priests
  2 bullfrog skeletons
  Crazy Yiuf (D:3)
  5 iguanas
  11 orc wizards
  8 worker ants
  A hound skeleton (D:4)
  A hound zombie (D:4)
  A worker ant zombie (D:9)
  5 gnolls
  2 howler monkey skeletons
  15 adders
  2 shadow imps (D:9)
  5 oozes (D:8)
  2 worms
  4 dart slugs
  11 leopard geckos
  24 orcs
  5 giant cockroaches
  5 goblins
  12 hobgoblins
  6 quokkas
  2 ball pythons (D:1)
  A ball python skeleton (D:6)
  16 bats
  6 frilled lizards
  10 kobolds
  2 leopard gecko skeletons (D:4)
  A rat (D:2)
306 creatures vanquished.

Vanquished Creatures (others)
  A quasit (D:9)
  An orc wizard (D:9)
  3 orcs (D:9)
  4 fungi (Lair:2)
  A plant (Lair:2)
10 creatures vanquished.

Grand Total: 316 creatures vanquished

Notes
Turn   | Place    | Note
-------+----------+-------------------------------------------
     0 | D:1      | Htamos the Troll Berserker began the quest for the Orb.
     0 | D:1      | Reached XP level 1. HP: 22/22 MP: 0/0
   152 | D:1      | Reached XP level 2. HP: 29/29 MP: 1/1
   697 | D:1      | Reached XP level 3. HP: 36/36 MP: 2/2
   990 | D:2      | Reached skill level 4 in Unarmed Combat
   990 | D:2      | Reached XP level 4. HP: 44/44 MP: 3/3
  1024 | D:2      | Found a faded altar of an unknown god.
  1027 | D:2      | Reached ** piety under Trog
  1054 | D:2      | Found a bloodstained altar of Trog.
  1356 | D:2      | Found a hide-covered altar of Uskayaw.
  1627 | D:2      | Reached XP level 5. HP: 52/52 MP: 4/4
  1703 | D:2      | Found a glowing silver altar of Zin.
  1704 | D:2      | Found a white marble altar of Elyvilon.
  1705 | D:2      | Found a glowing golden altar of the Shining One.
  1766 | D:2      | Found a deep blue altar of Sif Muna.
  1835 | D:3      | Reached skill level 5 in Unarmed Combat
  1848 | D:3      | Noticed Sigmund
  1870 | D:3      | Killed Sigmund
  1870 | D:3      | Reached XP level 6. HP: 15/59 MP: 5/5
  2238 | D:3      | Reached skill level 6 in Unarmed Combat
  2341 | D:3      | Reached *** piety under Trog
  2360 | D:3      | Received a gift from Trog
  2499 | D:3      | Found a runed door.
  2549 | D:3      | Noticed Crazy Yiuf
  2556 | D:3      | Killed Crazy Yiuf
  2556 | D:3      | Reached XP level 7. HP: 40/67 MP: 6/6
  2934 | D:4      | Reached skill level 7 in Unarmed Combat
  3045 | D:4      | Noticed AAA992's ghost (amateur GrMo)
  3054 | D:4      | Killed AAA992's ghost
  3227 | D:4      | Reached skill level 8 in Unarmed Combat
  3609 | D:4      | Reached XP level 8. HP: 75/75 MP: 7/7
  3890 | D:5      | Entered Level 5 of the Dungeon
  4108 | D:5      | Reached skill level 9 in Unarmed Combat
  4209 | D:5      | Found a staircase to the Ecumenical Temple.
  4639 | D:6      | Reached skill level 10 in Unarmed Combat
  4697 | D:6      | Reached skill level 5 in Dodging
  4699 | D:6      | Reached **** piety under Trog
  4703 | D:6      | Reached XP level 9. HP: 59/83 MP: 8/8
  4849 | D:6      | Found a shimmering altar of Xom.
  4922 | D:6      | Found an iron altar of Okawaru.
  4929 | D:6      | Found an opulent altar of Gozag.
  5668 | D:7      | Reached skill level 11 in Unarmed Combat
  5808 | D:7      | Paralysed by a hornet for 2 turns
  6123 | D:7      | Reached skill level 12 in Unarmed Combat
  6323 | D:8      | Reached XP level 10. HP: 89/92 MP: 9/9
  6326 | D:8      | Noticed GotenAND's ghost (novice TrFi)
  6335 | D:8      | Killed GotenAND's ghost
  6461 | D:8      | Found a viscous altar of Jiyva.
  6494 | D:8      | Reached skill level 13 in Unarmed Combat
  6598 | D:8      | Reached ***** piety under Trog
  7183 | D:9      | Noticed a two-headed ogre
  7197 | D:9      | Killed a two-headed ogre
  7197 | D:9      | Reached skill level 14 in Unarmed Combat
  7269 | D:9      | Paralysed by a hornet for 1 turns
  7669 | D:9      | Found a staircase to the Lair.
  7669 | D:9      | Noticed an elephant
  7693 | D:9      | Killed an elephant
  7693 | D:9      | Reached XP level 11. HP: 90/100 MP: 10/10
  8157 | D:10     | Entered Level 10 of the Dungeon
  8208 | D:10     | Noticed Josephine
  8218 | D:10     | Killed Josephine
  8244 | D:10     | Reached skill level 15 in Unarmed Combat
  8297 | D:10     | Received a gift from Trog
  8615 | D:10     | Noticed Erolcha
  8626 | D:10     | Killed Erolcha
  9141 | Lair:1   | Entered Level 1 of the Lair of Beasts
  9239 | Lair:1   | Reached skill level 16 in Unarmed Combat
  9345 | Lair:1   | Noticed a four-headed hydra
  9350 | Lair:1   | Killed a seven-headed hydra
  9367 | Lair:1   | Noticed an oklob plant
  9908 | Lair:2   | Reached XP level 12. HP: 108/108 MP: 11/11
 10027 | Lair:2   | Noticed a six-headed hydra
 10035 | Lair:2   | HP: 2/108 [eight-headed hydra (10)]
 10267 | Lair:2   | Found a hole to the Spider Nest.
 10457 | Lair:2   | HP: 2/109 [something (5)]
 10459 | Lair:2   | Mangled by an eight-headed hydra

Skill      XL: |  1  2  3  4  5  6  7  8  9 10 11 |
---------------+----------------------------------+-----
Dodging        | 3 4 5 6 7 |  7.1
Unarmed Combat | 4 5 6 8 10 12 14 16 | 16.8
Fighting       | 3 4 |  4.6

Action                   |  1- 3 |  4- 6 |  7- 9 | 10-12 || total
-------------------------+-------+-------+-------+-------++-------
Melee: Unarmed           |    74 |   125 |   357 |   424 ||   980
       Punch             |     1 |     5 |    17 |    44 ||    67
Invok: Burn Spellbooks   |       |       |       |     2 ||     2
Evoke: Wand              |       |       |       |     4 ||     4
  Use: Potion            |       |     6 |       |     2 ||     8
       Scroll            |       |     8 |     1 |     4 ||    13
 Stab: Sleeping          |       |       |     2 |       ||     2
       Held in net/web   |       |       |     3 |       ||     3
  Eat: Chunk             |    15 |    14 |    34 |    37 ||   100
Armor: Animal skin       |    29 |    60 |   123 |   157 ||   369
Dodge: Dodged            |    49 |    80 |   181 |   203 ||   513
